 Dungeon Crawl Stone Soup version 0.32-a0-841-g4648e6c457 (webtiles) character file.

Game seed: 8268960978023532287

3104 Esekla the Reanimator (level 9, -22/66 HPs)
             Began as a Demonspawn Wanderer on Mar 27, 2024.
             Was a Believer of Ashenzari.
             Killed from afar by Erica (27 damage)
             ... with a bolt of poison
             ... on level 8 of the Dungeon.
             The game lasted 01:05:14 (9803 turns).

Esekla the Reanimator (Demonspawn Wanderer)         Turns: 9803, Time: 01:05:15

Health: -22/66     AC:  4    Str: 11    XL:     9   Next: 59%
Magic:  9/18       EV:  2    Int: 18    God:    Ashenzari [**....]
Gold:   443        SH:  0    Dex: 15    Spells: 12/20 levels left

rFire   . . .        a - +2 dagger (flame)
rCold   . . .        (no shield)
rNeg    . . .        c - +0 robe
rPois   .            (helmet restricted)
rElec   .            o - +0 cloak of Ashenzari's Scepticism {Elem, Fort} (curse)
rCorr   +            w - +0 pair of gloves of Ashenzari's Omission {Comp, Range} (curse)
SInv    +            (no boots)
Will    .....        p - amulet of Toth-Mos's Legacy {RegenMP+, Cun, Elem} (curse)
Stlth   +++          g - ring of flight
HPRegen 0.31/turn    A - ring of resist corrosion
MPRegen 0.56/turn

%: no passive effects
@: lethally poisoned (-22 -> -49), flying, slowed, constricted, very slow
A: horns 1, thin skeletal structure 1, ignite blood 2
a: Renounce Religion, Shatter the Chains


You were on level 8 of the Dungeon.
You worshipped Ashenzari.
Ashenzari was pleased with you.
You visited 2 branches of the dungeon, and saw 9 of its levels.
You also visited: Sewer.

You collected 443 gold pieces.

Inventory:

Hand Weapons
 a - a +2 dagger of flaming (weapon)
 r - a +1 heavy trident
 s - a +1 dagger of venom
Missiles
 k - 3 javelins (quivered)
 n - 6 poisoned darts
Armour
 c - a +0 robe (worn)
 l - a +0 buckler
 o - the cursed +0 cloak of Ashenzari's Scepticism (worn) {Elem, Fort}
   (You found it on level 7 of the Dungeon)

   It has a curse which improves the following skills: Elements: Fire Magic, Ice
   Magic, Air Magic and Earth Magic.
   Fortitude: Armour and Shields.
 w - the cursed +0 pair of gloves of Ashenzari's Omission (worn) {Comp, Range}
   (You found it on level 5 of the Dungeon)

   It has a curse which improves the following skills: Companions: Summonings
   and Necromancy.
   Ranged Combat: Ranged Weapons and Throwing.
Jewellery
 g - a ring of flight (left hand)
 m - a ring of fire
 p - the cursed amulet of Toth-Mos's Legacy (around neck) {RegenMP+, Cun, Elem}
   (You found it on level 4 of the Dungeon)

   [amulet of magic regeneration]

   It increases your rate of magic regeneration.
   RegenMP+:  It increases your rate of magic regeneration.
   It has a curse which improves the following skills: Cunning: Dodging and
   Stealth.
   Elements:  Fire Magic, Ice Magic, Air Magic and Earth Magic.
 A - a ring of resist corrosion (right hand)
Wands
 j - a wand of mindburst (11)
 v - a wand of warping (18)
Scrolls
 b - a scroll of fog
 d - 2 scrolls of blinking
 e - a scroll of teleportation
 f - 2 scrolls of revelation
 h - a scroll of brand weapon
 i - a scroll of silence
 u - a scroll of fear
 y - a scroll of enchant weapon
 C - 4 scrolls of enchant armour
Potions
 q - a potion of brilliance
 t - 2 potions of berserk rage
 z - a potion of attraction
 B - 2 potions of curing


   Skills:
 * Level 4.7 Fighting
 + Level 2.7 Short Blades
 + Level 1.9(2.8) Throwing
 * Level 0.9(1.6) Armour
 + Level 2.9(3.9) Dodging
 + Level 1.8(2.7) Stealth
 * Level 1.7(2.6) Shields
 * Level 6.2 Spellcasting
 * Level 8.9(10.1) Necromancy
 + Level 3.3 Translocations
 + Level 3.2 Evocations


You had 12 spell levels left.
You knew the following spells:

 Your Spells              Type           Power      Damage    Failure   Level
b - Blink                 Tloc           34%        N/A       4%          2
d - Vampiric Draining     Necr           42%        2d9       1%          3
w - Fugue of the Fallen   Necr           42%        N/A       1%          3

Your spell library contained the following spells:

 Spells                   Type           Power      Damage    Failure   Level
 Kiss of Death            Conj/Necr      92%        2d12      1%          1
 Necrotise                Necr           100%       1d9       1%          1
 Lesser Beckoning         Tloc           34%        N/A       4%          2
 Anguish                  Hex/Necr       11%        N/A       14%         4
 Ensorcelled Hibernation  Hex/Ice        10%        N/A       17%         2


Dungeon Overview and Level Annotations

Branches:
Dungeon (8/15)             Temple (1/1) D:5           Sewer (visited)
   Lair: D:8-11

Altars:
Ashenzari
Cheibriados
Fedhas
Gozag
Hepliaklqana
Kikubaaqudgha
Makhleb
Okawaru
Qazlal
Ru
Sif Muna
Trog
Uskayaw
Vehumet
Xom
Yredelemnul

Annotations:
D:8 Erica, Grum


Innate Abilities, Weirdness & Mutations

You have a pair of small horns on your head.
You have a somewhat thin skeletal structure. (Dex +2, Stealth+)
Your demonic aura often causes spilled blood to erupt in flames.


Message History

Aiming: Vampiric Draining (safe; 1% risk of failure)
Press: ? - help, Shift-Dir - straight line, f - Erica
Aim: Erica, wielding a +4 scimitar of flaming and wearing a +6 ring of intelligence (moderately wounded, constricting you)
You draw life force from Erica!
You feel life coursing into your body.
Erica stares at you and mumbles some strange words.
You feel yourself slow down. Erica constricts you.
Casting: Vampiric Draining (safe; 1% risk of failure)
Confirm with . or Enter, or press ? or * to list all spells.
Aiming: Vampiric Draining (safe; 1% risk of failure)
Press: ? - help, Shift-Dir - straight line, f/p - Erica
Aim: Erica, wielding a +4 scimitar of flaming and wearing a +6 ring of intelligence (heavily wounded, constricting you)
You draw life force from Erica.
You feel life coursing into your body.
Erica hits you with a +4 scimitar of flaming!
Erica burns you! Erica constricts you.
Casting: Vampiric Draining (safe; 1% risk of failure)
Confirm with . or Enter, or press ? or * to list all spells.
Aiming: Vampiric Draining (safe; 1% risk of failure)
Press: ? - help, Shift-Dir - straight line, f/p - Erica
Aim: Erica, wielding a +4 scimitar of flaming and wearing a +6 ring of intelligence (heavily wounded, constricting you)
You draw life force from Erica!
You feel life coursing into your body.
Erica hits you with a +4 scimitar of flaming.
Erica burns you. Erica constricts you.
Erica hits you with a +4 scimitar of flaming!
* * * LOW HITPOINT WARNING * * *
Erica burns you.
* * * LOW HITPOINT WARNING * * *
Erica constricts you.
* * * LOW HITPOINT WARNING * * *
Okay, then.
Casting: Vampiric Draining (safe; 1% risk of failure)
Confirm with . or Enter, or press ? or * to list all spells.
Aiming: Vampiric Draining (safe; 1% risk of failure)
Press: ? - help, Shift-Dir - straight line, f/p - Erica
Aim: Erica, wielding a +4 scimitar of flaming and wearing a +6 ring of intelligence (severely wounded, constricting you)
You draw life force from Erica!
You feel life coursing into your body.
Erica stares at you and mumbles some strange words.
The bolt of poison hits you!!
You are lethally poisoned!
You die...
Erica begins burbling mirthfully and uncontrollably.

####### #.# #
#.....#######.#### #
#.###............# ##
#.#......####.##.###.
###.#.####.............
##....>......#.#.##..##.
#......####.##.#.##..<.#
#..#..x####.##..........
#..#...@.............#.#
#........##...>.........
#........#####..####....
#>..............# #..<.
#........#####.## #.###
#........# #.# #.# #
#...##.### #.# #.###
#...##.# ###.######...
#......# ##............


You could see Erica.

Vanquished Creatures
  A hornet (D:8)
  2 steam dragons (D:7)
  Edmund (D:6)
  3 water moccasins
  A crocodile (Sewer)
  A sky beast (D:8)
  A centaur (D:6)
  A wolf (D:8)
  A brain worm (Sewer)
  3 bullfrogs
  4 scorpions
  9 killer bees
  3 howler monkeys
  2 bombardier beetles
  4 hounds
  3 orc priests
  An iguana (D:6)
  3 sleepcaps
  9 orc wizards
  3 gnolls (D:4)
  8 adders
  2 shadow imps
  3 white imps
  2 ufetubi (D:6)
  4 dart slugs
  24 orcs
  7 ball pythons
  9 endoplasms
  3 giant cockroaches
  5 hobgoblins
  3 kobolds
  5 quokkas
  13 bats
  6 frilled lizards
  3 goblins
  7 rats
160 creatures vanquished.

Notes
Turn   | Place    | Note
-------+----------+-------------------------------------------
     0 | D:1      | Esekla the Demonspawn Wanderer began the quest for the Orb.
     0 | D:1      | Esekla set off with the following items: a +0 dagger, a
                  | scroll of fog, a +0 robe, a wand of polymorph (6); and the
                  | following spells available to memorise: Necrotise, Kiss of
                  | Death, Blink, Lesser Beckoning, Vampiric Draining.
     0 | D:1      | Reached XP level 1. HP: 13/13 MP: 2/2
   207 | D:1      | Gained mutation: Your demonic aura sometimes causes spilled
                  | blood to erupt in flames. [demonic ancestry]
   207 | D:1      | Reached XP level 2. HP: 12/20 MP: 3/3
  1156 | D:2      | Reached XP level 3. HP: 23/25 MP: 5/5
  1160 | D:2      | Learned a level 3 spell: Vampiric Draining
  1349 | D:2      | Found an iron altar of Okawaru.
  1358 | D:2      | Reached skill level 1 in Fighting
  1938 | D:3      | Reached skill level 1 in Short Blades
  1968 | D:3      | Learned a level 2 spell: Blink
  1991 | D:3      | Found a shimmering altar of Xom.
  2009 | D:3      | Gained mutation: You have a pair of small horns on your
                  | head. [demonic ancestry]
  2009 | D:3      | Reached XP level 4. HP: 19/32 MP: 2/6
  2150 | D:3      | Found a blossoming altar of Fedhas.
  2769 | D:3      | Found a faded altar of an unknown god.
  3215 | D:4      | Noticed a scorpion
  3230 | D:4      | Reached skill level 4 in Necromancy
  3356 | D:4      | Reached XP level 5. HP: 26/38 MP: 4/8
  3516 | D:5      | Entered Level 5 of the Dungeon
  4014 | D:4      | Gained mutation: Your demonic aura often causes spilled
                  | blood to erupt in flames. [demonic ancestry]
  4014 | D:4      | Reached XP level 6. HP: 30/46 MP: 3/9
  4138 | D:4      | Identified the +5 sling "Kulekh" {heavy, rElec Will++}
  4226 | D:4      | Reached skill level 1 in Stealth
  4713 | D:5      | Noticed a water moccasin
  4734 | D:5      | HP: 2/46 [poisoned by a water moccasin]
  5069 | D:5      | Found a staircase to the Ecumenical Temple.
  5088 | Temple   | Entered the Ecumenical Temple
  5303 | Temple   | Became a worshipper of Ashenzari the Shackled
  5466 | D:5      | Reached skill level 5 in Necromancy
  5466 | D:5      | Gained mutation: You have a somewhat thin skeletal
                  | structure. (Dex +2, Stealth+) [demonic ancestry]
  5466 | D:5      | Reached XP level 7. HP: 51/51 MP: 11/11
  5612 | D:5      | Found an ancient bone altar of Kikubaaqudgha.
  5644 | D:5      | Learned a level 3 spell: Fugue of the Fallen
  5696 | D:5      | Found a snail-covered altar of Cheibriados.
  6005 | D:6      | Found a glowing drain.
  6145 | Sewer    | Entered a sewer
  6226 | Sewer    | Reached skill level 6 in Necromancy
  6226 | Sewer    | Reached XP level 8. HP: 31/58 MP: 5/14
  6458 | D:6      | Noticed Edmund
  6485 | D:6      | Identified the cursed amulet of Toth-Mos's Legacy
                  | {RegenMP+, Cun, Elem} (You found it on level 4 of the
                  | Dungeon)
  6881 | D:6      | Killed Edmund
  7713 | D:6      | Reached skill level 7 in Necromancy
  7786 | D:7      | Found a radiant altar of Vehumet.
  7829 | D:7      | Reached skill level 5 in Spellcasting
  8005 | D:7      | Reached * piety under Ashenzari
  8295 | D:7      | Reached XP level 9. HP: 60/65 MP: 17/17
  8513 | D:7      | Reached skill level 8 in Necromancy
  8895 | D:7      | Reached skill level 1 in Shields
  9000 | D:8      | Noticed a two-headed ogre
  9109 | D:8      | Paralysed by a hornet for 1 turns
  9238 | D:8      | Noticed a +0 short sword
  9238 | D:8      | Noticed a +0 short sword
  9238 | D:8      | Noticed a +0 falchion
  9239 | D:8      | Noticed a +0 dagger
  9240 | D:8      | Noticed a +0 falchion
  9249 | D:8      | Found a hide-covered altar of Uskayaw.
  9250 | D:8      | Noticed a +0 spear
  9251 | D:8      | Noticed a +0 dagger
  9253 | D:8      | Noticed a +0 spear
  9280 | D:8      | Reached ** piety under Ashenzari
  9696 | D:8      | Noticed Erica
  9771 | D:8      | Noticed Grum
  9802 | D:8      | HP: 1/66 [constriction (5)]
  9803 | D:8      | Killed from afar by Erica

Illustrated notes

Levels and vault maps discovered:
D:1:      minmay_arrival_radiant_lines, layout_basic, serial_bayou_ford_a
D:2:      layout_basic, basic_altar
D:3:      layout_basic, mainiacjoe_overflow_small_starburst,
          fedhas_ov_isle_minmay, shapermc_ecumenical_altar_ellora,
          dreamdust_princess_corridor
D:4:      layout_layer_cave, minmay_misc_feat_room
D:5:      layout_gridville, mainiacjoe_overflow_large_starburst, temple_green
D:6:      layout_basic, mainiacjoe_overflow_cross_hatched, portal_sewer_entry_f,
          uniq_edmund
D:7:      layout_cave_pools, lemuel_crystal_altar,
          nicolae_houndstooth_variations
D:8:      layout_loops_ring, nicolae_uskayaw_en_pointe, billiards_dpeg,
          uniq_erica, uniq_grum
Temple:   chequers_temple_sunken

Skill      XL: |  1  2  3  4  5  6  7  8  9 |
---------------+----------------------------+-----
Fighting       | 1 2 3 4 |  4.7
Short Blades   | 1 2 |  2.7
Necromancy     | 4 5 6 7 8 |  8.9
Spellcasting   | 2 3 4 5 6 |  6.2
Stealth        | 1 |  1.8
Dodging        | 2 |  2.9
Translocations | 2 3 |  3.3
Shields        | 1 |  1.7
Throwing       | |  1.9
Armour         | |  0.9
Evocations     | |  3.2

Action                     |  1- 3 |  4- 6 |  7- 9 || total
---------------------------+-------+-------+-------++-------
  Melee: Dagger            |   183 |   137 |   290 ||   610
         Headbutt          |       |    21 |    47 ||    68
  Throw: Dart              |       |    13 |    15 ||    28
         Boomerang         |       |       |     8 ||     8
         Javelin           |       |       |    10 ||    10
   Cast: Vampiric Draining |     3 |    24 |    76 ||   103
         Blink             |       |     1 |     1 ||     2
 Invoke: Curse Item        |       |       |     3 ||     3
  Evoke: Wand              |       |       |     2 ||     2
    Use: Potion            |     2 |     2 |     3 ||     7
         Scroll            |       |     2 |     9 ||    11
   Stab: Sleeping          |     3 |     4 |     7 ||    14
         Distracted        |       |       |     2 ||     2
 Armour: Robe              |   122 |   112 |   259 ||   493
         Skin              |       |       |    13 ||    13
  Dodge: Dodged            |   108 |    64 |   232 ||   404

Table legend: (Time is in decaauts)
 A = Elapsed time spent in this place.
 B = Non-inter-level travel time spent in this place.
 C = Inter-level travel time spent in this place.
 D = Time resting spent in this place.
 E = Time spent auto-exploring this place.
 F = Levels seen in this place.
 G = Mean time per level.
                   A        B        C        D        E       F      G
               +--------+--------+--------+--------+--------+-----+--------+
         Total |   9768 |   9353 |    415 |   2414 |   1862 |  10 |  976.8 |
       Dungeon |   9502 |   9142 |    360 |   2344 |   1862 |   8 | 1187.8 |
        Temple |     73 |     19 |     54 |      0 |      0 |   1 |   73.0 |
         Sewer |    192 |    192 |      0 |     70 |      0 |   1 |  192.0 |
               +--------+--------+--------+--------+--------+-----+--------+

Top non-repeatable levels by time:
     D:4: 1503 daAuts
     D:6: 1432 daAuts
     D:3: 1418 daAuts
     D:5: 1276 daAuts
     D:7: 1144 daAuts
     D:2: 938 daAuts
     D:1: 903 daAuts
     D:8: 885 daAuts
   Sewer: 192 daAuts
  Temple: 73 daAuts
